TOP OF THE 1ST |
Kelowna Heat batting - Pitching for Roswell Invaders : RHP Beniamino Cajani
|
Pitching: RHP Beniamino Cajani
|
|
Batting: LHB Willy Berrios
|
0-0: SINGLE (Line Drive, 89S, EV 91.2 MPH)
|
Batting: RHB Soichi Kaneshiro
|
0-0: Ball 1-0: Ball Willy Berrios steals 2nd base 2-0: Fly out, F8 (Line Drive, 8RD, EV 108.8 MPH)
|
Batting: LHB Billy Lang
|
0-0: Ball 1-0: Ball Wild Pitch! Willy Berrios to third 2-0: Swinging Strike 2-1: Foul Ball, location: 2F 2-2: Ball 3-2: Ground out 5-3 (Groundball, 5S, EV 63.8 MPH)
|
Batting: LHB Alex Larangho
|
0-0: Foul Ball, location: 2F 0-1: Called Strike 0-2: Ball 1-2: Ball 2-2: Foul Ball, location: 2F 2-2: DOUBLE (Flyball, 89D, EV 103.1 MPH) Willy Berrios scores
|
Batting: RHB Mike Storey
|
0-0: Ball 1-0: Foul Ball, location: 2F 1-1: Foul Ball, location: 2F 1-2: Ball 2-2: DOUBLE (Line Drive, 78XD, EV 105.0 MPH) Alex Larangho scores
|
Batting: RHB Sean Gilbert
|
0-0: Ball 1-0: Ball 2-0: Foul Ball, location: 2F 2-1: Swinging Strike 2-2: Strikes out looking
|
Top of the 1st over - 2 runs, 3 hits, 0 errors, 1 left on base; Kelowna 2 - Roswell 0 |
BOTTOM OF THE 1ST |
Roswell Invaders batting - Pitching for Kelowna Heat : RHP Bill Gillberry
|
Pitching: RHP Bill Gillberry
|
|
Batting: LHB Marshall Rives
|
0-0: Reached on error, E4 (Groundball, 4, EV 82.5 MPH)
|
Batting: RHB T.J. House
|
0-0: Called Strike 0-1: Ball 1-1: Foul Ball, location: 2F 1-2: Ball 2-2: Ball 3-2: Strikes out looking
|
Batting: RHB Juan Mejia
|
0-0: Called Strike 0-1: Foul Ball, location: 2F 0-2: Strikes out looking
|
Batting: LHB Ivan Cortez
|
0-0: Ball 1-0: Fly out, F8 (Flyball, 8RM, EV 89.4 MPH)
|
Bottom of the 1st over - 0 runs, 0 hits, 1 error, 1 left on base; Kelowna 2 - Roswell 0 |
TOP OF THE 2ND |
Kelowna Heat batting - Pitching for Roswell Invaders : RHP Beniamino Cajani
|
Batting: LHB Robert Leary
|
0-0: Foul Ball, location: 2F 0-1: Ball 1-1: Fly out, F7 (Flyball, 7, EV 86.2 MPH)
|
Batting: SHB Michael Woodard
|
0-0: Ball 1-0: SINGLE (Groundball, 34D, EV 94.4 MPH)
|
Batting: RHB Joe Nelson
|
0-0: Ball 1-0: Called Strike 1-1: Fly out, F3 (Popup, 3SF, EV 83.8 MPH)
|
Batting: LHB Willy Berrios
|
0-0: Ball 1-0: Ball 2-0: Called Strike 2-1: Fly out, F8 (Flyball, 8RM, EV 77.5 MPH)
|
Top of the 2nd over - 0 runs, 1 hit, 0 errors, 1 left on base; Kelowna 2 - Roswell 0 |
BOTTOM OF THE 2ND |
Roswell Invaders batting - Pitching for Kelowna Heat : RHP Bill Gillberry
|
Batting: LHB Andrew Moore
|
0-0: Called Strike 0-1: Foul Ball, location: 2F 0-2: Ball 1-2: Foul Ball, location: 2F 1-2: Foul Ball, location: 2F 1-2: Ground out 4-3 (Groundball, 13, EV 76.9 MPH)
|
Batting: LHB Andy Fischer
|
0-0: Ball 1-0: Foul Ball, location: 2F 1-1: Swinging Strike 1-2: Ball 2-2: Ball 3-2: Base on Balls
|
Batting: RHB Dan Long
|
0-0: Foul Ball, location: 2F 0-1: Grounds into double play, 6-4-3 (Groundball, 6, EV 83.8 MPH)
|
Bottom of the 2nd over - 0 runs, 0 hits, 0 errors, 0 left on base; Kelowna 2 - Roswell 0 |
TOP OF THE 3RD |
Kelowna Heat batting - Pitching for Roswell Invaders : RHP Beniamino Cajani
|
Batting: RHB Soichi Kaneshiro
|
0-0: Foul Ball, location: 2F 0-1: Ball 1-1: Swinging Strike 1-2: SINGLE (Flyball, 3D, EV 95.0 MPH)
|
Batting: LHB Billy Lang
|
0-0: Called Strike 0-1: Ball 1-1: 2-RUN HOME RUN (Flyball, 78XD, EV 109.4 MPH), Distance : 420 ft
|
Batting: LHB Alex Larangho
|
0-0: Ball 1-0: Ball 2-0: Ball 3-0: Called Strike 3-1: Called Strike 3-2: Foul Ball, location: 2F 3-2: Foul Ball, location: 2F 3-2: Base on Balls
|
Batting: RHB Mike Storey
|
0-0: Ball 1-0: Ball 2-0: Called Strike 2-1: Foul Ball, location: 2F 2-2: Foul Ball, location: 2F 2-2: Foul Ball, location: 2F 2-2: Ball 3-2: Foul Ball, location: 2F 3-2: Foul Ball, location: 2F 3-2: Base on Balls Alex Larangho to second
|
Batting: RHB Sean Gilbert
|
0-0: Ball 1-0: Swinging Strike 1-1: Foul Ball, location: 2F 1-2: Ball 2-2: Strikes out looking
|
Batting: LHB Robert Leary
|
0-0: Called Strike 0-1: Ball 1-1: Foul Ball, location: 2F 1-2: Strikes out looking
|
Batting: SHB Michael Woodard
|
0-0: Ball 1-0: SINGLE (Groundball, 4MD, EV 101.9 MPH) Alex Larangho to third Mike Storey to second Runner from 3rd tries for Home, SAFE, throw by CF to home
|
Batting: RHB Joe Nelson
|
0-0: Foul Ball, location: 2F 0-1: Called Strike 0-2: Ball 1-2: Foul Ball, location: 2F 1-2: Strikes out swinging
|
Top of the 3rd over - 3 runs, 3 hits, 0 errors, 2 left on base; Kelowna 5 - Roswell 0 |
BOTTOM OF THE 3RD |
Roswell Invaders batting - Pitching for Kelowna Heat : RHP Bill Gillberry
|
Batting: RHB Benjie Alejandro
|
0-0: Called Strike 0-1: Foul Ball, location: 2F 0-2: Strikes out swinging
|
Batting: SHB Sandy Burke
|
0-0: Fly out, F9 (Flyball, 9LD, EV 73.8 MPH)
|
Batting: LHB Marshall Rives
|
0-0: Ball 1-0: Called Strike 1-1: Ball 2-1: Foul Ball, location: 2F 2-2: SINGLE (Groundball, 4MD, EV 105.0 MPH)
|
Batting: RHB T.J. House
|
0-0: Called Strike 0-1: Ball 1-1: Swinging Strike 1-2: Fielders Choice at 2nd, U4 (Groundball, 6MD, EV 80.6 MPH)
|
Bottom of the 3rd over - 0 runs, 1 hit, 0 errors, 1 left on base; Kelowna 5 - Roswell 0 |
TOP OF THE 4TH |
Kelowna Heat batting - Pitching for Roswell Invaders : RHP Beniamino Cajani
|
Batting: LHB Willy Berrios
|
0-0: Foul Ball, location: 2F 0-1: Ball 1-1: Called Strike 1-2: Ball 2-2: Foul Ball, location: 2F 2-2: Fly out, F8 (Flyball, 78M, EV 75.6 MPH)
|
Batting: RHB Soichi Kaneshiro
|
0-0: Foul Ball, location: 2F 0-1: Ground out U3 (Groundball, 34, EV 100.6 MPH)
|
Batting: LHB Billy Lang
|
0-0: Ball 1-0: Foul Ball, location: 2F 1-1: Foul Ball, location: 2F 1-2: Ball 2-2: Strikes out looking
|
Top of the 4th over - 0 runs, 0 hits, 0 errors, 0 left on base; Kelowna 5 - Roswell 0 |
BOTTOM OF THE 4TH |
Roswell Invaders batting - Pitching for Kelowna Heat : RHP Bill Gillberry
|
Batting: RHB Juan Mejia
|
0-0: Ball 1-0: Called Strike 1-1: Foul Ball, location: 2F 1-2: Foul Ball, location: 2F 1-2: Foul Ball, location: 2F 1-2: Ball 2-2: Ground out U3 (Groundball, 3, EV 105.0 MPH)
|
Batting: LHB Ivan Cortez
|
0-0: Ball 1-0: Called Strike 1-1: Ball 2-1: Ground out 1-3 (Groundball, 34S, EV 68.1 MPH)
|
Batting: LHB Andrew Moore
|
0-0: Ball 1-0: Foul Ball, location: 2F 1-1: Swinging Strike 1-2: Ball 2-2: Foul Ball, location: 2F 2-2: Strikes out swinging
|
Bottom of the 4th over - 0 runs, 0 hits, 0 errors, 0 left on base; Kelowna 5 - Roswell 0 |
TOP OF THE 5TH |
Kelowna Heat batting - Pitching for Roswell Invaders : RHP Beniamino Cajani
|
Batting: LHB Alex Larangho
|
0-0: Ball 1-0: Ball 2-0: Foul Ball, location: 2F 2-1: Ground out 5-3 (Groundball, 5D, EV 101.9 MPH)
|
Batting: RHB Mike Storey
|
0-0: Foul Ball, location: 2F 0-1: Called Strike 0-2: Ball 1-2: Ball 2-2: Ground out 6-3 (Groundball, 6, EV 104.4 MPH)
|
Batting: RHB Sean Gilbert
|
0-0: Called Strike 0-1: Fly out, F9 (Flyball, 9, EV 91.2 MPH)
|
Top of the 5th over - 0 runs, 0 hits, 0 errors, 0 left on base; Kelowna 5 - Roswell 0 |
BOTTOM OF THE 5TH |
Roswell Invaders batting - Pitching for Kelowna Heat : RHP Bill Gillberry
|
Batting: LHB Andy Fischer
|
0-0: Swinging Strike 0-1: Swinging Strike 0-2: Strikes out swinging
|
Batting: RHB Dan Long
|
0-0: Foul Ball, location: 2F 0-1: Ball 1-1: Ball 2-1: Swinging Strike 2-2: Ground out 6-3 (Groundball, 6, EV 82.5 MPH)
|
Batting: RHB Benjie Alejandro
|
0-0: Ball 1-0: Foul Ball, location: 2F 1-1: Ball 2-1: Ball 3-1: Called Strike 3-2: Foul Ball, location: 2F 3-2: Base on Balls
|
Batting: SHB Sandy Burke
|
0-0: Swinging Strike 0-1: Called Strike 0-2: Strikes out swinging
|
Bottom of the 5th over - 0 runs, 0 hits, 0 errors, 1 left on base; Kelowna 5 - Roswell 0 |
TOP OF THE 6TH |
Kelowna Heat batting - Pitching for Roswell Invaders : RHP Beniamino Cajani
|
Batting: LHB Robert Leary
|
0-0: Foul Ball, location: 2F 0-1: Ball 1-1: Called Strike 1-2: Strikes out swinging
|
Batting: SHB Michael Woodard
|
0-0: Ball 1-0: Ball 2-0: Ball 3-0: Called Strike 3-1: Foul Ball, location: 2F 3-2: Fly out, F8 (Flyball, 78D, EV 96.9 MPH)
|
Batting: RHB Joe Nelson
|
0-0: Ball 1-0: Called Strike 1-1: Foul Ball, location: 2F 1-2: Ball 2-2: Strikes out swinging
|
Top of the 6th over - 0 runs, 0 hits, 0 errors, 0 left on base; Kelowna 5 - Roswell 0 |
BOTTOM OF THE 6TH |
Roswell Invaders batting - Pitching for Kelowna Heat : RHP Bill Gillberry
|
Batting: LHB Marshall Rives
|
0-0: Ball 1-0: Swinging Strike 1-1: Ground out 3-1 (Groundball, 34S, EV 88.8 MPH)
|
Batting: RHB T.J. House
|
0-0: Swinging Strike 0-1: Ball 1-1: Ball 2-1: DOUBLE (Groundball, 5L, EV 97.5 MPH)
|
Batting: RHB Juan Mejia
|
0-0: Called Strike 0-1: Foul Ball, location: 2F 0-2: Strikes out swinging
|
Batting: LHB Ivan Cortez
|
0-0: Called Strike 0-1: Foul Ball, location: 2F 0-2: Ball 1-2: Ball 2-2: Ground out 4-3 (Groundball, 4, EV 82.5 MPH)
|
Bottom of the 6th over - 0 runs, 1 hit, 0 errors, 1 left on base; Kelowna 5 - Roswell 0 |
TOP OF THE 7TH |
Kelowna Heat batting - Pitching for Roswell Invaders : RHP Beniamino Cajani
|
Pitching: RHP Shane Meier
|
|
Batting: LHB Willy Berrios
|
0-0: Called Strike 0-1: Foul Ball, location: 2F 0-2: Ground out 4-3 (Groundball, 4S, EV 93.1 MPH)
|
Batting: RHB Soichi Kaneshiro
|
0-0: Ball 1-0: Swinging Strike 1-1: Ball 2-1: SINGLE (Line Drive, 78S, EV 103.8 MPH)
|
Batting: LHB Billy Lang
|
0-0: Ball 1-0: Ball Soichi Kaneshiro steals 2nd base 2-0: Called Strike 2-1: Ball 3-1: Base on Balls
|
Batting: LHB Alex Larangho
|
0-0: Ball 1-0: Swinging Strike 1-1: Swinging Strike 1-2: Foul Ball, location: 2F 1-2: Foul Ball, location: 2F 1-2: Foul Ball, location: 2F 1-2: Fielders Choice at 2nd, 3-6 (Groundball, 34S, EV 78.1 MPH) Soichi Kaneshiro to third
|
Batting: RHB Mike Storey
|
0-0: Ball 1-0: Ball 2-0: Foul Ball, location: 2F 2-1: Ball 3-1: Foul Ball, location: 2F 3-2: Ground out 5-3 (Groundball, 56S, EV 86.9 MPH)
|
Top of the 7th over - 0 runs, 1 hit, 0 errors, 2 left on base; Kelowna 5 - Roswell 0 |
BOTTOM OF THE 7TH |
Roswell Invaders batting - Pitching for Kelowna Heat : RHP Bill Gillberry
|
Batting: LHB Andrew Moore
|
0-0: Ball 1-0: Called Strike 1-1: Ball 2-1: Called Strike 2-2: Ball 3-2: Foul Ball, location: 2F 3-2: Foul Ball, location: 2F 3-2: Base on Balls
|
Batting: LHB Andy Fischer
|
0-0: Called Strike 0-1: Ball 1-1: Swinging Strike 1-2: Strikes out swinging
|
Batting: RHB Dan Long
|
0-0: Ball 1-0: Foul Ball, location: 2F 1-1: Foul Ball, location: 2F 1-2: Foul Ball, location: 2F 1-2: Ball 2-2: SINGLE (Line Drive, 6M, EV 107.5 MPH) Andrew Moore to second
|
Pitching: RHP James Jenkins
|
|
Batting: RHB Benjie Alejandro
|
0-0: Ball 1-0: Called Strike 1-1: SINGLE (Line Drive, 9S, EV 90.6 MPH) Andrew Moore to third Dan Long to second
|
Batting: SHB Sandy Burke
|
0-0: Swinging Strike 0-1: Called Strike 0-2: Foul Ball, location: 2F 0-2: Ball 1-2: Foul Ball, location: 2F 1-2: Foul Ball, location: 2F 1-2: Strikes out swinging
|
Pinch Hitting: LHB Nick Walker
|
0-0: Fly out, F8 (Flyball, 8RD, EV 100.0 MPH)
|
Bottom of the 7th over - 0 runs, 2 hits, 0 errors, 3 left on base; Kelowna 5 - Roswell 0 |
TOP OF THE 8TH |
Kelowna Heat batting - Pitching for Roswell Invaders : RHP Shane Meier
|
Now in RF: Nick Walker
|
|
Pinch Hitting: RHB Jose Sanchez
|
0-0: Reached on error, E5 (Groundball, 5, EV 80.0 MPH)
|
Pitching: RHP Eddie Georges
|
|
Batting: LHB Robert Leary
|
0-0: Foul Ball, location: 2F 0-1: Foul Ball, location: 2F 0-2: Ball 1-2: Fly out, F8 (Flyball, 78M, EV 81.2 MPH)
|
Batting: SHB Michael Woodard
|
0-0: Ground out 5-3 (Groundball, 56S, EV 64.4 MPH) Jose Sanchez to second
|
Batting: RHB Joe Nelson
|
0-0: Hit by Pitch
|
Batting: LHB Willy Berrios
|
0-0: Called Strike 0-1: Ball 1-1: Called Strike 1-2: Foul Ball, location: 2F 1-2: Strikes out swinging passed ball, reaches first! Jose Sanchez to third Joe Nelson to second
|
Batting: RHB Soichi Kaneshiro
|
0-0: Fly out, F7 (Flyball, 78M, EV 81.9 MPH)
|
Top of the 8th over - 0 runs, 0 hits, 1 error, 3 left on base; Kelowna 5 - Roswell 0 |
BOTTOM OF THE 8TH |
Roswell Invaders batting - Pitching for Kelowna Heat : RHP James Jenkins
|
Now at 2B: Glen Limeburner
|
|
Pinch Hitting: RHB Hidemitsu Matsuno
|
0-0: Ball 1-0: Ball 2-0: Called Strike 2-1: Hit by Pitch
|
Batting: RHB Juan Mejia
|
0-0: Ball 1-0: Called Strike 1-1: Foul Ball, location: 2F 1-2: Ball 2-2: Ball 3-2: Grounds into double play, 3-6-3 (Groundball, 34S, EV 91.2 MPH)
|
Batting: LHB Ivan Cortez
|
0-0: Called Strike 0-1: Fly out, F8 (Flyball, 8RM, EV 91.2 MPH)
|
Bottom of the 8th over - 0 runs, 0 hits, 0 errors, 0 left on base; Kelowna 5 - Roswell 0 |
TOP OF THE 9TH |
Kelowna Heat batting - Pitching for Roswell Invaders : RHP Eddie Georges
|
Now at 1B: Hidemitsu Matsuno
|
|
Batting: LHB Billy Lang
|
0-0: Ball 1-0: Called Strike 1-1: Ball 2-1: Ball 3-1: Swinging Strike 3-2: Foul Ball, location: 2F 3-2: Foul Ball, location: 2F 3-2: Fly out, F9 (Flyball, 9D, EV 90.0 MPH)
|
Batting: LHB Alex Larangho
|
0-0: Ball 1-0: Foul Ball, location: 2F 1-1: Foul Ball, location: 2F 1-2: Strikes out swinging
|
Batting: RHB Mike Storey
|
0-0: Called Strike 0-1: Ball 1-1: SOLO HOME RUN (Flyball, 7LD, EV 90.6 MPH), Distance : 335 ft
|
Batting: RHB Glen Limeburner
|
0-0: Ball 1-0: Ground out 6-3 (Groundball, 6MD, EV 90.0 MPH)
|
Top of the 9th over - 1 run, 1 hit, 0 errors, 0 left on base; Kelowna 6 - Roswell 0 |
BOTTOM OF THE 9TH |
Roswell Invaders batting - Pitching for Kelowna Heat : RHP James Jenkins
|
Batting: LHB Andrew Moore
|
0-0: Ball 1-0: Ball 2-0: Called Strike 2-1: Swinging Strike 2-2: Ball 3-2: Foul Ball, location: 2F 3-2: Fly out, F8 (Flyball, 8RD, EV 101.2 MPH)
|
Pinch Hitting: LHB Josh Snyder
|
0-0: Ball 1-0: SINGLE (Groundball, 4D, EV 98.1 MPH)
|
Pitching: RHP Matt Gibson
|
|
Batting: RHB Jason Hanson
|
0-0: Called Strike 0-1: Foul Ball, location: 2F 0-2: Ball 1-2: Ball 2-2: Foul Ball, location: 2F 2-2: Ball 3-2: Strikes out swinging
|
Batting: RHB Benjie Alejandro
|
0-0: Foul Ball, location: 2F 0-1: Foul Ball, location: 2F 0-2: Strikes out swinging
|
Bottom of the 9th over - 0 runs, 1 hit, 0 errors, 1 left on base; Kelowna 6 - Roswell 0 |
|